Map: Odyssey LE

Players

NeymarJr - Winner!

  • Race: Terran Terran
  • Spawn Location: 5:00

rafapras

  • Race: Protoss Protoss
  • League: Diamond
  • Spawn Location: 11:00

VOD

Have the link to the VOD?

Description

Time

  • Played on: Dec. 2, 2017, 2:56 p.m.
  • Length: 10:29
Show
View Real Time Build Order
Export as new Build Order

NeymarJr Terran - Winner!

Build Orders: MMM Bio 

Get SALT Encoding   

  12  0:01  SCV  
  13  0:13  SCV  
  14  0:17  Supply Depot  
  14  0:25  SCV  
  15  0:35  Refinery  
  15  0:42  Barracks  
  15  0:45  SCV  
  16  0:57  SCV  
  17  1:09  SCV  
  18  1:24  Refinery  
  18  1:30  Barracks Tech Lab  
  18  1:32  Supply Depot  
  18  1:37  SCV  
  18  1:38  Ghost Academy  
  19  1:49  SCV  
  20  2:00  Factory  
  20  2:01  SCV  
  21  2:13  SCV  
  22  2:19  Ghost  
  24  2:26  Orbital Command  
  24  2:43  Supply Depot  
  24  2:45  Nuke  
  24  2:52  SCV  
  25  3:01  Ghost  
  27  3:16  Command Center  
  27  3:24  SCV  
  28  3:30  Ghost  
  30  3:36  SCV  
  30  3:48  SCV  
  31  4:00  SCV  
  31  4:01  Supply Depot  
  32  4:03  Factory Tech Lab  
  32  4:06  Starport  
  32  4:18  Engineering Bay  
  30  4:26  Siege Tank  
  30  4:27  Barracks  
  34  4:38  Marauder  
  35  4:40  Concussive Shells  
  35  4:48  Nuke  
  35  4:50  SCV  
  36  4:53  Bunker  
  36  5:00  Medivac  
  36  5:02  SCV  
  36  5:15  Marine  
  36  5:16  Marine  
  33  5:24  Siege Tank  
  35  5:38  Marine x2  
  37  5:47  Command Center  
  37  5:49  Barracks  
  37  5:56  Marine  
  39  5:57  Barracks Reactor  
  38  6:13  Marine  
  39  6:23  Siege Tank  
  39  6:24  Medivac  
  42  6:27  SCV  
  44  6:34  Marine  
  44  6:37  Missile Turret  
  45  6:42  Marauder  
  45  6:43  Stimpack  
  45  6:46  Marine  
  47  6:48  Barracks Tech Lab  
  47  6:58  SCV  
  48  7:02  Marine  
  48  7:03  Marauder  
  48  7:06  Supply Depot, Marine  
  53  7:26  Combat Shields  
  53  7:28  Marauder  
  53  7:29  Marauder  
  56  7:38  Missile Turret  
  56  7:47  Marine x2  
  56  7:49  Marauder  
  56  7:51  Marauder  
  62  8:03  Orbital Command  
  62  8:04  Marine  
  62  8:05  Marine  
  64  8:10  Marauder  
  64  8:12  Marauder  
  68  8:20  Supply Depot  
  68  8:22  Supply Depot  
  68  8:25  Marine  
  68  8:26  Liberator  
  69  8:32  Marauder  
  69  8:34  Marauder  
  70  8:44  Marine  
  74  8:53  Marauder, Refinery  
  76  8:55  Refinery  
  76  8:56  Marauder  
  78  9:15  Marauder  
  80  9:17  Marauder  
  80  9:20  Marine  
  78  9:26  Marine  
  78  9:30  Supply Depot  
  78  9:31  Engineering Bay  
  79  9:36  Marauder  
  79  9:38  Marine  
  81  9:39  Marauder  
  81  9:42  Supply Depot  
  84  9:50  Marine  
  84  9:51  Siege Tank  
  88  9:57  SCV, Marauder  
  91  10:00  Marauder  
Show
View Real Time Build Order
Export as new Build Order

rafapras Protoss 

Build Orders:  

Get SALT Encoding   

  12  0:17  Probe (Chrono Boost)  
  13  0:28  Pylon  
  14  0:29  Probe (Chrono Boost)  
  14  0:31  Probe  
  15  0:39  Assimilator  
  15  0:46  Probe  
  15  0:47  Gateway  
  16  0:58  Probe (Chrono Boost)  
  17  1:10  Probe (Chrono Boost)  
  18  1:15  Probe (Chrono Boost)  
  19  1:24  Probe  
  20  1:35  Cybernetics Core  
  20  1:36  Probe  
  21  1:49  Nexus  
  21  1:58  Pylon  
  21  2:01  Assimilator  
  21  2:04  Probe  
  22  2:16  Probe  
  22  2:20  Adept  
  22  2:22  Warp Gate  
  25  2:28  Probe  
  26  2:33  Gateway  
  26  2:41  Probe  
  27  2:50  Robotics Facility  
  27  2:55  Probe  
  28  3:02  Stalker  
  30  3:07  Probe  
  30  3:09  Probe  
  32  3:15  Pylon  
  32  3:19  Probe  
  33  3:24  Stalker  
  33  3:26  Probe  
  36  3:31  Probe  
  37  3:39  Probe  
  38  3:43  Probe  
  39  3:51  Probe  
  39  3:54  Immortal (Chrono Boost)  
  45  3:57  Probe (Chrono Boost)  
  45  4:03  Probe (Chrono Boost), Shield Battery  
  45  4:09  Assimilator  
  28  4:15  Probe x2 (Chrono Boost)  
  27  4:17  Probe  
  27  4:19  Probe  
  29  4:29  Probe  
  30  4:32  Probe  
  30  4:38  Stalker  
  33  4:40  Stalker  
  33  4:43  Probe (Chrono Boost)  
  33  4:44  Probe (Chrono Boost)  
  39  4:55  Probe (Chrono Boost), Observer  
  39  4:56  Probe (Chrono Boost)  
  39  4:59  Probe (Chrono Boost)  
  42  5:03  Probe (Chrono Boost)  
  42  5:09  Probe (Chrono Boost)  
  39  5:15  Probe  
  39  5:20  Probe  
  39  5:27  Probe, Stalker  
  39  5:28  Stalker  
  44  5:32  Probe  
  44  5:34  Observer (Chrono Boost)  
  46  5:39  Probe  
  47  5:44  Probe  
  47  6:25  Pylon  
  47  6:27  Pylon  
  47  6:37  Pylon x2  
  47  6:43  Probe x2  
  49  6:49  Stalker x2  
  53  6:55  Probe (Chrono Boost)  
  55  7:01  Probe (Chrono Boost)  
  55  7:08  Probe (Chrono Boost)  
  57  7:12  Probe x2 (Chrono Boost)  
  57  7:14  Immortal  
  62  7:20  Probe, Forge  
  62  7:22  Probe  
  64  7:23  Robotics Bay  
  64  7:32  Probe, Assimilator  
  64  7:34  Probe  
  64  7:36  Shield Battery  
  66  7:39  Forge  
  66  7:40  Nexus, Forge  
  67  7:44  Probe, Protoss Ground Weapons Level 1  
  63  7:53  Immortal (Chrono Boost)  
  67  8:01  Probe x2  
  69  8:13  Probe x2  
  69  8:15  Protoss Ground Armor Level 1, Protoss Shields Level 1  
  71  8:25  Probe x2  
  73  8:37  Probe x2  
  73  8:39  Stalker  
  77  8:47  Extended Thermal Lance  
  77  8:50  Probe  
  77  8:51  Probe, Colossus (Chrono Boost)  
  77  8:52  Probe  
  77  8:53  Pylon x2  
  77  8:55  Pylon  
  86  9:02  Probe  
  87  9:05  Stalker x2  
  87  9:06  Probe  
  82  9:29  Probe x2  
  84  9:33  Probe  
  85  9:41  Probe  
  85  9:44  Colossus (Chrono Boost)  
  92  9:49  Twilight Council  
  92  9:51  Robotics Facility  
  92  9:53  Probe, Stargate  
  92  9:56  Probe  
  94  10:01  Shield Battery  
  94  10:03  Probe  
  94  10:04  Assimilator  
  94  10:06  Assimilator  
  95  10:12  Probe x2  
  95  10:15  Zealot x2  
Tags
 
Composition
MMM Bio
League
Diamond
Matchup
PvT
Spawn Locations
Cross Positions
Add a new tag
Caveats
  • Supply blocks, unpowered buildings, or Contaminate may cause inaccurate times.
  • Supply counts are checked every 10 seconds.